 Dungeon Crawl Stone Soup version 0.26-a0-1002-g7355149c4d (webtiles) character file.

Game seed: 17229343830692873551

25 sahdkjhfkaj the Ducker (level 2, -1/13 HPs)
             Began as a Spriggan Conjurer on Dec 6, 2020.
             Killed from afar by Sigmund (5 damage)
             ... with a magic dart
             ... on level 2 of the Dungeon on Dec 7, 2020.
             The game lasted 00:02:51 (1123 turns).

sahdkjhfkaj the Ducker (Spriggan Conjurer)          Turns: 1123, Time: 00:02:51

Health: -1/13      AC:  2    Str:  3    XL:     2   Next: 82%
Magic:  2/7        EV: 19    Int: 19    God:
Gold:   37         SH:  0    Dex: 14    Spells: 4/7 levels left

rFire    . . .     SeeInvis +   (weapon restricted)
rCold    . . .     Faith    .   (shield restricted)
rNeg     . . .     Spirit   .   a - +0 robe
rPois    .         Reflect  .   (helmet restricted)
rElec    .         Harm     .   (no cloak)
rCorr    .         Rampage  .   (gloves unavailable)
Will     .....                  (boots unavailable)
Stlth    ++........             (no amulet)
HPRegen  0.04/turn              (no ring)
MPRegen  0.10/turn              (no ring)

@: very quick
A: very small, unfitting armour, see invisible, speed 3
a: no special abilities


You were on level 2 of the Dungeon.
You visited 1 branch of the dungeon, and saw 2 of its levels.

You collected 37 gold pieces.

Inventory:

Armour
 a - a +0 robe (worn)
Scrolls
 b - 2 scrolls of identify
 c - a scroll of teleportation


   Skills:
 - Level 4.0 Dodging
 - Level 3.0 Stealth
 - Level 3.0 Spellcasting
 - Level 3.0 Conjurations
 + Level 1.9 Hexes


You had 4 spell levels left.
You knew the following spells:

 Your Spells              Type           Power        Failure   Level
a - Magic Dart            Conj           ##..         4%          1
s - Searing Ray           Conj           ##....       7%          2

Your spell library contained the following spells:

 Spells                   Type           Power        Failure   Level
 Dazzling Flash           Conj/Hex       ##....       17%         3
 Fulminant Prism          Conj/Hex       ##........   50%         4
 Iskenderun's Mystic Bla  Conj/Tloc      #.......     63%         4


Dungeon Overview and Level Annotations

Branches:
Dungeon (2/15)

Altars:
Uskayaw

Annotations:
D:2 Sigmund


Innate Abilities, Weirdness & Mutations

You are very small and have problems with some larger weapons.
You are too small for most types of armour.
You have supernaturally acute eyesight. (SInv)
You cover ground extremely quickly.


Message History

Adjust to which letter? s - Searing Ray A rat is nearby!
A rat is nearby!
A rat is nearby!
The magic dart hits the rat.
You kill the rat!
You can't see any susceptible monsters within range! (Use Z to cast anyway.)
You can't see any susceptible monsters within range! (Use Z to cast anyway.)
You can't see any susceptible monsters within range! (Use Z to cast anyway.)
Found a stone staircase leading down.
Found 13 arrows.
You see here 13 arrows.
You see here 13 arrows.
Found 18 stones.
You open the door.
There is an open door here.
You open the door.
There is an open door here.
A dart slug comes into view.
A dart slug is nearby!
The magic dart hits the dart slug.
The dart slug is moderately wounded.
The magic dart hits the dart slug.
The dart slug is severely wounded.
The magic dart hits the dart slug.
You kill the dart slug!
You can't see any susceptible monsters within range! (Use Z to cast anyway.)
You can't see any susceptible monsters within range! (Use Z to cast anyway.)
You see here a dart slug corpse.
A kobold comes into view. It is wielding a +0 short sword.
A kobold is nearby!
A kobold is nearby!
A kobold is nearby!
The magic dart hits the kobold.
The kobold is moderately wounded.
The kobold shouts!
You hear a shout!
The magic dart hits the kobold.
The kobold is heavily wounded.
The kobold hits you with a +0 short sword.
Casting: Magic Dart (safe; 4% risk of failure)
Confirm with . or Enter, or press ? or * to list all spells.
Aiming: Searing Ray (safe; 7% risk of failure)
Press: ? - help, Shift-Dir - straight line, f/p - kobold
Aim: a kobold, wielding a +0 short sword (heavily wounded, 30% to evade)
The searing ray misses the kobold. (Press . to maintain the ray.)
The kobold misses you.
The searing ray hits the kobold!
You kill the kobold!
Something hits the bush but does no damage.
A gnoll comes into view. It is wielding a +0 spear.
A gnoll is nearby!
A gnoll is nearby!
A gnoll is nearby!
You can't see any susceptible monsters within range! (Use Z to cast anyway.)
You can't see any susceptible monsters within range! (Use Z to cast anyway.)
The gnoll shouts!
Found a scroll labelled IRIQEIJEDGHU.
Things that are here:
a +0 short sword; a kobold corpse
Casting: Searing Ray (safe; 7% risk of failure)
Confirm with . or Enter, or press ? or * to list all spells.
Aiming: Searing Ray (safe; 7% risk of failure)
Press: ? - help, Shift-Dir - straight line, f - gnoll
Aim: a gnoll, wielding a +0 spear (21% to evade)
You miscast Searing Ray.
You are very lightly contaminated with residual magic.
Nothing appears to happen.
The gnoll hits you from afar with a +0 spear.
Unknown command.
Things that are here:
a +0 short sword; a kobold corpse
Casting: Searing Ray (safe; 7% risk of failure)
Confirm with . or Enter, or press ? or * to list all spells.
You can't see any susceptible monsters within range! (Use Z to cast anyway.) Unknown command.
Unknown command.
Your magical contamination has completely faded away.
Casting: Searing Ray (safe; 7% risk of failure)
Confirm with . or Enter, or press ? or * to list all spells.
Aiming: Searing Ray (safe; 7% risk of failure)
Press: ? - help, Shift-Dir - straight line, f/p - gnoll
Aim: a gnoll, wielding a +0 spear (21% to evade)
The searing ray hits the gnoll.
The gnoll is heavily wounded. (Press . to maintain the ray.) Unknown command.
You are too injured to fight recklessly!
You are too injured to fight recklessly!
Casting: Searing Ray (safe; 7% risk of failure)
Confirm with . or Enter, or press ? or * to list all spells.
Aiming: Magic Dart (safe; 4% risk of failure)
Press: ? - help, Shift-Dir - straight line, f/p - gnoll
Aim: a gnoll, wielding a +0 spear (heavily wounded, 0% to evade)
The magic dart hits the gnoll.
The gnoll is severely wounded.
You don't have enough magic to cast that spell.
You don't have enough magic to cast that spell.
You start resting.
A gnoll is nearby!
A gnoll is nearby!
A gnoll is nearby!
You are too injured to fight recklessly!
Found a pair of boots.
Sorry, you're not good enough to have a special ability.
Casting: Magic Dart (safe; 4% risk of failure)
Confirm with . or Enter, or press ? or * to list all spells.
Aiming: Magic Dart (safe; 4% risk of failure)
Press: ? - help, Shift-Dir - straight line, f/p - gnoll
Aim: a gnoll, wielding a +0 spear (severely wounded, 0% to evade)
The magic dart hits the gnoll.
The gnoll is almost dead.
You hit the bush but do no damage.
A gnoll is nearby!
You see here a pair of boots.
You are too injured to fight recklessly!
Casting: Magic Dart (safe; 4% risk of failure)
Confirm with . or Enter, or press ? or * to list all spells.
Aiming: Magic Dart (safe; 4% risk of failure)
Press: ? - help, Shift-Dir - straight line, f/p - gnoll
Aim: a gnoll, wielding a +0 spear (almost dead, 0% to evade)
The magic dart hits the gnoll.
You kill the gnoll!
Training target 4.0 for Dodging reached!
Your Dodging skill increases to level 4!
You need to enable at least one skill for training.
Saving game... please wait.
Welcome back, sahdkjhfkaj the Spriggan Conjurer.
Press ? for a list of commands and other information.
You start resting.
Magic restored.
You start resting.
HP restored.
You see here a pair of boots.
Things that are here:
a +0 spear; a gnoll corpse You see here a pair of boots.
c - a scroll labelled IRIQEIJEDGHU You open the door.
There is an open door here.
There is an open door here.
There is a stone staircase leading down here.
Partly explored, can't reach some places.
Partly explored, can't reach some places.
There is a stone staircase leading down here.
As you read the scroll labelled ZECHIDAEHIO, it crumbles to dust.
It is a scroll of identify.
c - a scroll of teleportation You climb downwards.
Found a scroll labelled GILUME LIS TAJ.
There is a stone staircase leading up here.
Sigmund the Dreaded comes into view.
He is wielding a +0 scythe.
Found a long sword.
Found a hide-covered altar of Uskayaw.
You see here a scroll labelled GILUME LIS TAJ.
Press: ? - help, v - describe, . - travel The floor.
Unknown command.
What are your orders? t - Shout!
Orders for allies: a - Attack new target. r - Retreat! s - Stop attacking. g - Guard the area. f - Follow me.
Anything else - Cancel.
You shout for attention!
You hear a shout! x2
There is a stone staircase leading up here.
You start waiting.
Sigmund is nearby!
Cast which spell? (? or * to list)
You don't know that spell.
Cast which spell? (? or * to list)
You don't know that spell.
Sigmund's eyes start glowing with a red light.
Unknown command.
Cast which spell? (? or * to list)
Aiming: Searing Ray (safe; 7% risk of failure)
Press: ? - help, Shift-Dir - straight line, f - Sigmund
Aim: Sigmund, wielding a +0 scythe and wearing a +0 robe (27% to evade)
The searing ray hits Sigmund!
Sigmund is moderately wounded. (Press . to maintain the ray.)
A hobgoblin comes into view. It is wielding a +0 club.
Sigmund points at you and mumbles some strange words.
The puff of flame hits you!
Ouch! That really hurt!
The searing ray hits Sigmund!
Sigmund is heavily wounded.
Sigmund laughs darkly.
Sigmund drinks a potion.
Sigmund is healed!
The searing ray hits Sigmund!
Sigmund is severely wounded.
The searing ray hits the hobgoblin!
You kill the hobgoblin!
Sigmund completely misses you.
The searing ray hits Sigmund.
Sigmund is almost dead.
You finish channeling your searing ray.
Sigmund casts a spell at you. The magic dart hits you.
You die...

## #. #. #. #.
#.#### #....#
#@# #.# #@#
#......).......
....#........@.
.. #..8.8.8...
..........#
##.........#
..#.!.....#


You could see Sigmund.

Vanquished Creatures
  A gnoll (D:1)
  2 dart slugs (D:1)
  2 giant cockroaches (D:1)
  A hobgoblin (D:2)
  3 kobolds (D:1)
  2 rats (D:1)
11 creatures vanquished.

Vanquished Creatures (others)
  A plant (D:1)
1 creature vanquished.

Grand Total: 12 creatures vanquished

Notes
Turn   | Place    | Note
-------+----------+-------------------------------------------
     0 | D:1      | sahdkjhfkaj the Spriggan Conjurer began the quest for the
                  | Orb.
     0 | D:1      | Reached XP level 1. HP: 9/9 MP: 5/5
   291 | D:1      | Reached skill level 1 in Hexes
   542 | D:1      | Reached XP level 2. HP: 13/13 MP: 2/7
   545 | D:1      | Learned a level 2 spell: Searing Ray
   846 | D:1      | Reached skill level 4 in Dodging
  1112 | D:2      | Found a hide-covered altar of Uskayaw.
  1112 | D:2      | Noticed Sigmund
  1123 | D:2      | Killed from afar by Sigmund

Illustrated notes

Levels and vault maps discovered:
D:1:      co_arrival_square_in_a_square_in_a_square, layout_basic,
          serial_forest, infiniplex_forest_clump_long,
          infiniplex_forest_lined_room_2, infiniplex_forest_lined_3,
          infiniplex_forest_clump_long, infiniplex_forest_clump_C,
          infiniplex_forest_clump_double
D:2:      layout_basic, okawaru_gym_becter, eat_drink_and_be_merry_uskayaw,
          uniq_sigmund

Skill      XL: |  1  2 |
---------------+-------+-----
Conjurations   | 3 |  3.0
Spellcasting   | 3 |  3.0
Hexes          | 1 |  1.9
Dodging        | 4 |  4.0
Stealth        | |  3.0

Action                   || total
-------------------------++-------
Melee: Unarmed           ||     3
 Cast: Magic Dart        ||    22
       Searing Ray       ||     3
  Use: Scroll            ||     1
Dodge: Dodged            ||     3

Table legend: (Time is in decaauts)
 A = Elapsed time spent in this place.
 B = Non-inter-level travel time spent in this place.
 C = Inter-level travel time spent in this place.
 D = Time resting spent in this place.
 E = Time spent auto-exploring this place.
 F = Levels seen in this place.
 G = Mean time per level.
                   A        B        C        D        E       F      G
               +--------+--------+--------+--------+--------+-----+--------+
         Total |    879 |    877 |      2 |    162 |    630 |   2 |  439.5 |
       Dungeon |    879 |    877 |      2 |    162 |    630 |   2 |  439.5 |
               +--------+--------+--------+--------+--------+-----+--------+

Top non-repeatable levels by time:
     D:1: 868 daAuts
     D:2: 11 daAuts
